 Dungeon Crawl Stone Soup version 0.30.0 (console) character file.

Game seed: 4289859546522879246

5924 ebarrett the Basher (level 10, -12/86 HPs)
             Began as an Armataur Fighter on May 5, 2023.
             Was an Initiate of Yredelemnul.
             Mangled by a molten gargoyle
             ... wielding a +0 morningstar
              (19 damage)
             ... on level 9 of the Dungeon.
             The game lasted 00:43:33 (9964 turns).

ebarrett the Basher (Armataur Fighter)              Turns: 9964, Time: 00:43:35

Health: -12/86     AC: 14    Str: 27    XL:     10   Next: 53%
Magic:  13/13      EV: 10    Int:  8    God:    Yredelemnul [......]
Gold:   777        SH:  5    Dex: 15    Spells: 9/9 levels left

rFire   + . .        a - +1 flail (flame)
rCold   . . .        c - +0 buckler
rNeg    . . .        B - +0 plate armour
rPois   .            (no helmet)
rElec   .            s - +1 cloak
rCorr   .            (no gloves)
SInv    .            (no barding)
Will    .....        F - amulet of magic regeneration Stlth
                     k - ring "Hisueh" {rF+ Dex+6}
HPRegen 0.34/turn    H - +5 ring of evasion
MPRegen 0.53/turn

%: roll
@: about to teleport
A: large, rugged brown scales 3, deformed body, armoured tail, roll, long
tongue, awkward tongue
a: Renounce Religion, Recall Undead Harvest


You were on level 9 of the Dungeon.
You worshipped Yredelemnul.
Yredelemnul was noncommittal.
You visited 2 branches of the dungeon, and saw 10 of its levels.
You also visited: Sewer and Bailey.

You collected 777 gold pieces.

Inventory:

Hand Weapons
 a - a +1 flail of flaming (weapon)
 b - a +1 dagger of venom
 J - the +7 Spriggan's Knife {stab, EV+4 Stlth+}
   (You found it in a bailey)

   Stab:      It is more effective when stabbing unaware enemies, sometimes
   treating them as though they were completely helpless.
   EV:        It affects your evasion (+4).
   Stlth:     It makes you more stealthy.
Missiles
 n - 6 curare-tipped darts
 u - 17 poisoned darts
Armour
 c - a +0 buckler (worn)
 s - a +1 cloak (worn)
 B - a +0 plate armour (worn)
 E - +0 steam dragon scales
Jewellery
 h - a +4 ring of protection
 k - the ring "Hisueh" (left hand) {rF+ Dex+6}
   (You acquired it on level 4 of the Dungeon)

   [ring of dexterity]

   Dex:       It affects your dexterity (+6).
   rF:        It protects you from fire.
 l - a ring of positive energy
 F - an amulet of magic regeneration (around neck)
 H - a +5 ring of evasion (right hand)
 I - a ring of see invisible
Wands
 r - a wand of roots (13)
 D - a wand of paralysis (13)
Scrolls
 d - a scroll of noise {unknown}
 e - 4 scrolls of torment
 f - 3 scrolls of immolation
 g - 2 scrolls of butterflies
 i - 5 scrolls of teleportation
 m - 2 scrolls of vulnerability
 o - a scroll of amnesia
 q - a scroll of enchant armour
 v - a scroll of fog
 y - 2 scrolls of identify
 z - 2 scrolls of enchant weapon
Potions
 j - 2 potions of attraction
 p - 2 potions of lignification {unknown}
 t - 3 potions of curing
 w - 8 potions of flight
 x - 2 potions of brilliance {unknown}
 A - a potion of mutation {unknown}
 C - a potion of resistance {unknown}
 G - 2 potions of cancellation
Miscellaneous
 K - a phial of floods (quivered)


   Skills:
 + Level 5.3 Fighting
 + Level 9.3 Maces & Flails
 * Level 4.9 Throwing
 + Level 8.6 Armour
 - Level 2.0 Stealth
 - Level 4.9 Shields
 * Level 4.5 Invocations
 * Level 4.0 Evocations


You had 9 spell levels left.
You didn't know any spells.
Your spell library contained the following spells:

 Spells                   Type           Power      Damage    Failure   Level
 Blink                    Tloc           0%         N/A       100%        2
 Lesser Beckoning         Tloc           0%         N/A       100%        2
 Momentum Strike          Conj/Tloc      0%         3d8       100%        2
 Frozen Ramparts          Ice            0%         1d1       100%        3
 Ozocubu's Armour         Ice            0%         N/A       100%        3
 Tukima's Dance           Hex            0%         N/A       100%        3
 Ice Form                 Ice/Tmut       0%         N/A       100%        4
 Passage of Golubria      Tloc           0%         N/A       100%        4
 Summon Ice Beast         Ice/Summ       0%         N/A       100%        4
 Alistair's Intoxication  Tmut/Pois      0%         N/A       100%        5
 Borgnjor's Vile Clutch   Necr/Erth      0%         N/A       100%        5
 Metabolic Englaciation   Hex/Ice        0%         N/A       100%        5
 Yara's Violent Unravell  Hex/Tmut       0%         3d3       100%        5
 Eringya's Noxious Bog    Tmut/Pois      0%         N/A       100%        6
 Simulacrum               Ice/Necr       Unusable   N/A       N/A         6

Dungeon Overview and Level Annotations

Branches:
Dungeon (9/15)             Temple (1/1) D:5           Sewer (visited)
 Bailey (visited)
   Lair: D:8-11         Orc: D:9-12

Altars:
Ashenzari
Cheibriados
Dithmenos
Elyvilon
Fedhas
Gozag
Hepliaklqana
Kikubaaqudgha
Makhleb
Nemelex Xobeh
Okawaru
Qazlal
Ru
Sif Muna
Trog
Uskayaw
Vehumet
Wu Jian
Xom
Yredelemnul
Zin
The Shining One

Annotations:
D:2 1 runed translucent door, Crazy Yiuf


Innate Abilities, Weirdness & Mutations

You are completely covered in rugged brown scales. (AC +3, +7% HP)
Armour fits poorly on your strangely shaped body.
You have a long armoured tail.
You roll when moving toward enemies. (Rampage)
Your long tongue fully drains potion bottles. (2x potion effects)
Your tongue gives you trouble enunciating. (1.5x scroll delay)


Message History

You are engulfed in flames.
You resist.
Okay, then.
Aiming: Paralyse
Press: ? - help, Shift-Dir - straight line, f/p - molten gargoyle
Aim: a molten gargoyle, wielding a +0 morningstar (heavily damaged, chance to affect: 25%)
The molten gargoyle resists with almost no effort.
You block the molten gargoyle's attack.
Unknown command.
Aiming: Paralyse
Press: ? - help, Shift-Dir - straight line, f/p - molten gargoyle
Aim: a molten gargoyle, wielding a +0 morningstar (heavily damaged, chance to affect: 25%)
The molten gargoyle resists with almost no effort.
The molten gargoyle hits you with a +0 morningstar.
You are engulfed in flames.
You resist.
Aiming: Paralyse
Press: ? - help, Shift-Dir - straight line, f/p - molten gargoyle
Aim: a molten gargoyle, wielding a +0 morningstar (heavily damaged, chance to affect: 25%)
The molten gargoyle resists with almost no effort.
The molten gargoyle barely misses you.
Aiming: Paralyse
Press: ? - help, Shift-Dir - straight line, f/p - molten gargoyle
Aim: a molten gargoyle, wielding a +0 morningstar (heavily damaged, chance to affect: 25%)
The molten gargoyle resists with almost no effort.
The molten gargoyle hits you with a +0 morningstar!
* * * LOW HITPOINT WARNING * * *
You are engulfed in flames.
You resist.
* * * LOW HITPOINT WARNING * * *
You feel better.
You slurp down every last drop of the potion of curing!
The molten gargoyle hits you but does no damage.
A shadow comes into view.
As you slowly read the scroll of teleportation, it crumbles to dust.
You feel strangely unstable.
The molten gargoyle hits you with a +0 morningstar!
* * * LOW HITPOINT WARNING * * *
You are engulfed in flames.
You resist.
* * * LOW HITPOINT WARNING * * *
The molten gargoyle hits you with a +0 morningstar!!
You die...
Your body rises from the dead as a mindless zombie.

...........##
#.~#.∩.#~).###..
##########..###.≈#...#≈..#
##. #..#.....##.~##.##~.##
#. #..'.###..#.~~~)≈~~.#
###. ###'.#
##......))...###... #.'.#
##..##....###....# ###'.#
#............####
#..'.#####...####....##
#.[#...W9@..## ######
#####..###### #...## ##..#
##..# ##..# .#.# #.#.#
..≈§§


You could see a molten gargoyle and a shadow.

Vanquished Creatures
  An orc knight (Bailey)
  Joseph (D:7)
  Maggie (D:7)
  An unseen horror zombie (D:9)
  2 unseen horror skeletons (D:9)
  A troll (D:8)
  An unseen horror simulacrum (D:9)
  A steam dragon (D:8)
  A water moccasin (D:6)
  5 orc warriors
  A sky beast (D:7)
  An ogre (D:7)
  2 centaurs
  2 phantoms (D:6)
  4 kobold brigands
  A gnoll sergeant (D:8)
  3 bullfrogs
  5 killer bees (D:9)
  5 howler monkeys
  2 jellies
  5 quasits (D:6)
  3 hounds
  2 gnoll boudas
  Jessica (D:3)
  5 iguanas
  4 orc wizards
  A howler monkey zombie (D:9)
  12 gnolls (D:8)
  9 adders
  4 river rats
  2 shadow imps
  2 white imps (D:6)
  4 ufetubi (D:6)
  2 worms
  A dart slug (D:1)
  17 orcs
  6 bats
  2 endoplasms
  5 giant cockroaches
  16 goblins
  12 hobgoblins
  5 jackals
  7 quokkas
  4 ball pythons
  14 frilled lizards
  32 kobolds
  11 rats
229 creatures vanquished.

Vanquished Creatures (collateral kills)
  A deep elf pyromancer (D:8)
  2 centaurs
  A gnoll bouda (D:7)
  4 gnolls
  An orc (D:7)
  3 goblins (D:9)
  2 kobolds (Sewer)
  A rat (D:5)
15 creatures vanquished.

Vanquished Creatures (others)
  A bullfrog zombie (D:6)
  2 centaur zombies
  A killer bee zombie (D:9)
  An ogre zombie (D:7)
  2 gnoll zombies (D:8)
  A river rat zombie (Sewer)
  4 goblin zombies
  4 kobold zombies (D:9)
  3 orc zombies
  A demonic plant (D:6)
  9 plants (D:2)
29 creatures vanquished.

Grand Total: 273 creatures vanquished

Notes
Turn   | Place    | Note
-------+----------+-------------------------------------------
     0 | D:1      | ebarrett the Armataur Fighter began the quest for the Orb.
     0 | D:1      | Reached XP level 1. HP: 19/19 MP: 1/1
    22 | D:1      | :: nice
    52 | D:1      | Reached skill level 2 in Maces & Flails
    78 | D:1      | Reached XP level 2. HP: 26/26 MP: 2/2
   342 | D:1      | Reached skill level 3 in Maces & Flails
   572 | D:1      | Reached XP level 3. HP: 32/32 MP: 3/3
  1268 | D:2      | Reached skill level 1 in Stealth
  1358 | D:2      | Found a runed translucent door.
  1359 | D:2      | Noticed Crazy Yiuf
  1832 | D:2      | Reached XP level 4. HP: 35/39 MP: 4/4
  2040 | D:3      | Noticed a bullfrog
  2052 | D:3      | Killed a bullfrog
  2053 | D:3      | Reached skill level 4 in Maces & Flails
  2101 | D:3      | Reached XP level 5. HP: 33/44 MP: 5/5
  2490 | D:3      | Noticed Jessica
  2497 | D:3      | Killed Jessica
  2805 | D:3      | Reached skill level 5 in Maces & Flails
  2981 | D:4      | Found a glowing golden altar of the Shining One.
  3212 | D:4      | Found a broken altar of Ashenzari.
  3462 | D:4      | Reached XP level 6. HP: 30/53 MP: 6/6
  3713 | D:4      | Found a blossoming altar of Fedhas.
  3947 | D:4      | HP: 2/54 [kobold brigand/+1 dagger of venom (8)]
  3952 | D:4      | Reached skill level 6 in Maces & Flails
  3952 | D:4      | :: phew
  4432 | D:5      | Entered Level 5 of the Dungeon
  4458 | D:5      | Reached XP level 7. HP: 26/60 MP: 7/7
  4636 | D:4      | Identified a scroll of acquirement
  4637 | D:4      | Acquired the ring "Hisueh" {rF+ Dex+6}
  4670 | D:5      | Reached skill level 1 in Throwing
  4789 | D:5      | Found a staircase to the Ecumenical Temple.
  4797 | Temple   | Entered the Ecumenical Temple
  4880 | Temple   | Became a worshipper of Yredelemnul the Dark
  5008 | D:5      | Reached * piety under Yredelemnul
  5107 | D:5      | Found a glowing drain.
  5119 | Sewer    | Entered a sewer
  5247 | Sewer    | Reached skill level 5 in Armour
  5279 | Sewer    | Found a white marble altar of Elyvilon.
  5355 | D:5      | You fall into a shaft and drop 2 floors!
  5389 | D:7      | Noticed Joseph
  5414 | D:7      | Killed Joseph
  5415 | D:7      | Reached skill level 7 in Maces & Flails
  5415 | D:7      | Reached XP level 8. HP: 43/70 MP: 8/8
  5988 | D:6      | Reached skill level 1 in Invocations
  6804 | D:6      | Found an ancient bone altar of Kikubaaqudgha.
  6808 | D:6      | Found a sparkling altar of Nemelex Xobeh.
  6811 | D:6      | Found a sacrificial altar of Ru.
  6811 | D:6      | Found an ornate altar of the Wu Jian Council.
  6818 | D:6      | Found a shadowy altar of Dithmenos.
  7021 | D:6      | Found a hazy altar of Hepliaklqana.
  7487 | D:7      | Noticed Maggie
  7496 | D:7      | Reached XP level 9. HP: 53/75 MP: 10/10
  7502 | D:7      | Killed Maggie
  7503 | D:7      | Reached skill level 1 in Evocations
  7585 | D:7      | Reached ** piety under Yredelemnul
  7596 | D:7      | Reached skill level 8 in Maces & Flails
  8534 | D:8      | Noticed a deep elf pyromancer
  8561 | D:8      | Killed a deep elf pyromancer
  9050 | D:9      | Noticed a troll
  9058 | D:8      | Killed a troll
  9234 | D:9      | Reached XP level 10. HP: 83/85 MP: 12/12
  9465 | D:9      | Found a flagged portal.
  9501 | D:9      | Reached skill level 5 in Fighting
  9508 | D:9      | Reached skill level 9 in Maces & Flails
  9643 | Bailey   | Entered a bailey
  9735 | Bailey   | Found the +7 Spriggan's Knife {stab, EV+4 Stlth+}
  9813 | Bailey   | Noticed an orc knight
  9819 | Bailey   | Killed an orc knight
  9936 | D:9      | Noticed a molten gargoyle
  9964 | D:9      | Mangled by a molten gargoyle

Illustrated notes ............#.# .#...#......#..# ...#...#....#...# ....#...#..#....# ....#.#.##...|.# #...#...#.....# #.#.....#....# #.......#.#.# #...#.<.#..@#....# .#...#.#...#.#.#.# ...#...#...#..[.#..# . ..#...#.#.....# .# ....#...##.....# .# .. .#.#.# #....# . .# ..# ...# .# ... #..# Turn 22 on D:1: :: nice

#..#~##...).##.....
##).#~~#.....#.....#
#..##≈~##....#......
#..#≈~~~##..........
#..#≈≈~~##..........
#..#~~~~###.........
#..##~~#..........##
##..#~~#...####.....
#.@##~#...####.....
##).#~#............
#..###............
#..# #............
#..# #............
#..# #...........)
##..##..........##
#..#...........#
##..#..)........##


Turn 3952 on D:4: :: phew

Levels and vault maps discovered:
D:1:      matt_arrival_diagonals, layout_basic
D:2:      layout_basic, serial_forest, infiniplex_forest_clump_double,
          infiniplex_forest_end_1, infiniplex_forest_clump_long,
          infiniplex_forest_lined_ring, infiniplex_forest_clump_double,
          infiniplex_forest_straight_4, infiniplex_forest_straight_5,
          serial_bayou_pond_d, minmay_lizard_king, uniq_crazy_yiuf_cottage
D:3:      layout_loops_cross, grunt_ministairs_14, st_stairs_9,
          minmay_tree_intersection, amcnicky_mini_pool_small,
          kennysheep_generic_room_3, uniq_jessica
D:4:      cheibrodos_thug_alley, layout_basic, lemuel_crystal_altar,
          fedhas_ov_isle_minmay, pf_just_have_faith
D:5:      layout_gridville, minmay_temple_entry_ruins, portal_sewer_entry_a
D:6:      layout_cave_pools, mainiacjoe_overflow_surrounded_room,
          nicolae_overflow_hallway_of_the_gods, serial_demonic,
          serial_demonic_d, serial_demonic_b, serial_demonic_f,
          serial_demonic_f, serial_demonic_b, serial_demonic_a,
          serial_demonic_d, hangedman_decor_diamond_cutter
D:7:      layout_loops_ring, minmay_puff, uniq_joseph, uniq_maggie
D:8:      layout_loops_ring
D:9:      layout_layer_cave, enter_bailey_3, hangedman_weighted_door,
          minmay_crystal_water, minivault_8
Temple:   dshaligram_water_room_temple

Skill      XL: |  1  2  3  4  5  6  7  8  9 10 |
---------------+-------------------------------+-----
Maces & Flails | 2 3 4 5 6 7 8 9 |  9.3
Stealth        | 2 |  2.0
Armour         | 4 5 7 8 |  8.6
Fighting       | 3 4 5 |  5.3
Throwing       | 2 3 4 |  4.9
Invocations    | 2 3 4 |  4.5
Shields        | 4 |  4.9
Evocations     | 3 4 |  4.0

Action                     |  1- 3 |  4- 6 |  7- 9 | 10-12 || total
---------------------------+-------+-------+-------+-------++-------
  Melee: Flail             |   171 |   194 |   391 |   123 ||   879
         Tailslap          |    15 |    16 |    39 |    25 ||    95
  Throw: Dart              |       |       |     1 |       ||     1
 Invoke: Dark Bargain      |       |       |     1 |       ||     1
  Evoke: Wand              |       |       |     3 |     7 ||    10
    Use: Potion            |       |     9 |     2 |     1 ||    12
         Scroll            |       |     1 |    14 |     1 ||    16
   Stab: Paralysed         |       |       |     5 |     4 ||     9
 Armour: Scale mail        |    86 |   128 |   307 |       ||   521
         Steam dragon scal |       |       |    20 |       ||    20
         Plate armour      |       |       |    14 |    79 ||    93
  Dodge: Dodged            |    53 |    59 |   194 |    43 ||   349
  Block: Buckler           |    32 |    36 |   109 |    25 ||   202
